 Dungeon Crawl Stone Soup version 0.24.0-123-gd5b16e6ec5 (webtiles) character file.

Game seed: 4311623105096219870, levelgen mode: deterministic

81 Mesmaeker13 the Charmwright (level 4, -1/37 HPs)
             Began as a Demigod Skald on Jan 3, 2020.
             Slain by a sky beast (5 damage)
             ... on level 3 of the Dungeon.
             The game lasted 00:04:20 (2377 turns).

Mesmaeker13 the Charmwright (Demigod Skald)         Turns: 2377, Time: 00:04:20

Health: -1/37      AC:  4    Str: 15 (16) XL:     4   Next: 0%
Magic:  9/9        EV: 12    Int: 19 (21) God:
Gold:   135        SH:  0    Dex: 12 (15) Spells: 5/6 levels left

rFire    . . .     SeeInvis .   a - +0 spear
rCold    . . .     Gourm    .   (no shield)
rNeg     . . .     Faith    .   b - +0 leather armour
rPois    .         Spirit   .   (no helmet)
rElec    .         Reflect  .   (no cloak)
rCorr    .         Harm     .   (no gloves)
MR       .....                  r - +0 pair of boots
Stlth    +.........             (no amulet)
HPRegen  0.12/turn              e - +4 ring of intelligence
MPRegen  0.11/turn              (no ring)

@: no status effects
A: high mp 1
a: no special abilities


You were on level 3 of the Dungeon.
You were not hungry.

You visited 1 branch of the dungeon, and saw 3 of its levels.

You collected 135 gold pieces.

Inventory:

Hand Weapons
 a - a +0 spear (weapon)
Missiles
 s - 17 poisoned darts (quivered)
Armour
 b - a +0 leather armour (worn)
 r - a +0 pair of boots (worn)
Jewellery
 e - a +4 ring of intelligence (left hand)
Scrolls
 f - 3 scrolls of remove curse
 g - 3 scrolls of identify {unknown}
 i - 2 scrolls of enchant armour {unknown}
 l - a scroll of fear {unknown}
 m - a scroll of random uselessness {unknown}
 o - a scroll of magic mapping {unknown}
 p - 2 scrolls of teleportation {unknown}
Potions
 c - 2 potions of degeneration
 h - 3 potions of curing
 j - a potion of ambrosia {unknown}
 q - a potion of brilliance {unknown}
Comestibles
 d - 5 rations
 n - 2 chunks of flesh


   Skills:
 + Level 2.5 Fighting
 + Level 2.5 Polearms
 + Level 1.9 Armour
 + Level 2.5 Dodging
 - Level 1.7 Spellcasting
 - Level 2.6 Charms


You had 5 spell levels left.
You knew the following spells:

 Your Spells              Type           Power        Failure   Level  Hunger
a - Infusion              Chrm           ##..         7%          1    #......

Your spell library contained the following spells:

 Spells                   Type           Power        Failure   Level  Hunger
 Song of Slaying          Chrm           ##......     11%         2    ###....
 Shroud of Golubria       Chrm/Tloc      #.....       19%         2    ###....
 Confusing Touch          Hex            #.....       22%         1    #......
 Regeneration             Chrm/Necr      #.........   36%         3    ###....
 Spectral Weapon          Hex/Chrm       #.......     36%         3    ###....
 Confuse                  Hex            #.......     54%         3    ###....
 Gell's Gravitas          Tloc           #.........   54%         3    ###....
 Petrify                  Tmut/Erth      #.......     91%         4    #####..
 Metabolic Englaciation   Hex/Ice        #.........   99%         5    ######.
 Yara's Violent Unravell  Hex/Tmut       #.........   99%         5    ######.


Dungeon Overview and Level Annotations

Branches:
Dungeon (3/15)


Innate Abilities, Weirdness & Mutations

You have an increased reservoir of magic. (+10% MP)


Message History

Aim: a sky beast (heavily wounded, chance to blind on hit: 27%)
You throw an atropa-tipped dart.
The atropa-tipped dart hits the sky beast.
The sky beast resists.
The sky beast is heavily wounded.
Throwing (i - inventory. (/) - cycle)
k - 2 atropa-tipped darts (quivered)
Press: ? - help, Shift-Dir - straight line, f/p - sky beast
Aim: a sky beast (heavily wounded, chance to blind on hit: 27%)
You throw an atropa-tipped dart.
The atropa-tipped dart closely misses the sky beast.
The sky beast hits you but does no damage.
Throwing (i - inventory. (/) - cycle)
k - an atropa-tipped dart (quivered)
Press: ? - help, Shift-Dir - straight line, f/p - sky beast
Aim: a sky beast (heavily wounded, chance to blind on hit: 27%)
You throw an atropa-tipped dart.
The atropa-tipped dart barely misses the sky beast.
The sky beast hits you.
* * * LOW HITPOINT WARNING * * *
The sky beast shocks you.
You die...

#(........##....#.
#.#.########....#.#### #.#≈#
#.....#....###### #.#.#
#.....#.........# #####.#.#
####.....#.........#
......#.#
#........#.#.......#
####..#.# #........#
+....(..+
#..#.####.......####.......#
##{#>.÷(.....@Y(....(......#
#...###################+###
#.### #.# #.# #.# ..# ..# ..


You could see a sky beast.

Vanquished Creatures
  2 adders
  An ooze (D:2)
  3 dart slugs (D:2)
  A leopard gecko (D:3)
  An orc (D:3)
  5 bats
  2 giant cockroaches
  5 goblins (D:3)
  7 hobgoblins
  8 jackals
  2 ball pythons
  3 kobolds
  3 rats
43 creatures vanquished.

Notes
Turn   | Place    | Note
-------+----------+-------------------------------------------
     0 | D:1      | Mesmaeker13 the Demigod Skald began the quest for the Orb.
     0 | D:1      | Reached XP level 1. HP: 17/17 MP: 5/5
   161 | D:1      | Reached skill level 1 in Armour
   962 | D:2      | Reached XP level 2. HP: 24/24 MP: 4/7
  1506 | D:2      | Reached XP level 3. HP: 24/29 MP: 6/8
  2216 | D:3      | Reached XP level 4. HP: 34/37 MP: 4/9
  2264 | D:3      | Noticed a sky beast
  2377 | D:3      | Slain by a sky beast

Levels and vault maps discovered:
D:1:      dpeg_arrival_signposts, layout_basic
D:2:      layout_basic, palyth_stone_intersect
D:3:      minmay_door_path, layout_basic, first_ration, uniq_jessica

Skill      XL: |  1 |
---------------+----+-----
Armour         | 1 |  1.9
Fighting       | 2 |  2.5
Polearms       | 2 |  2.5
Dodging        | 2 |  2.5
Spellcasting   | |  1.7
Charms         | |  2.6

Action                   |  1- 3 |  4- 6 || total
-------------------------+-------+-------++-------
Melee: Spear             |   118 |    10 ||   128
Throw: Dart              |     2 |     8 ||    10
 Cast: Infusion          |    12 |     2 ||    14
  Use: Scroll            |     1 |       ||     1
       Potion            |       |     3 ||     3
 Stab: Sleeping          |     2 |     1 ||     3
  Eat: Chunk             |     4 |     1 ||     5
Armor: Leather armour    |    33 |     8 ||    41
Dodge: Dodged            |    70 |     2 ||    72
